Sharks vs Lightning
Created - April 27, 2019 at 21:22
Goals
|
| Sharks |
0 |
1 |
0 |
1 |
| Lightning |
2 |
1 |
3 |
6 |
|
Shots
|
| Sharks |
10 |
8 |
15 |
33 |
| Lightning |
6 |
16 |
13 |
35 |
|
1st period
1. Lightning , Jordan Nolan 22 (Daniel Carcillo 25, Steve Bernier 25) at 6:05
2. Lightning , Kris Versteeg 40 (Robert Nilsson 62) at 14:44
Penalties :
No Penalty
2nd period
3. Sharks , Darren Helm 6 (Zach Boychuk 6, Jordan LaVallee 9) at 13:40
4. Lightning , Jordan Nolan 23 (Andy Rogers 27) at 18:15 (PP)
Penalties :
T.J. Hensick (SJS) for Slashing (Minor) at 17:48
3rd period
5. Lightning , Mikael Backlund 8 (Kurt Sauer 4, Reilly Smith 10) at 3:17
6. Lightning , Daniel Carcillo 26 (Jordan Nolan 34, Steve Bernier 26) at 7:48
7. Lightning , Daniel Carcillo 27 (Steve Bernier 27, Jordan Nolan 35) at 14:39 (PP)
Penalties :
Jan Bulis (TB.) for Hooking (Minor) at 9:51, Bobby Butler (SJS) for Interference (Minor) at 10:33, T.J. Hensick (SJS) for Holding (Minor) at 13:06, Kris Versteeg (TB.) for Interference (Minor) at 16:00
Goalie Stats
Brent Krahn (SJS), 29 saves from 35 shots - (0.829), L, 6-9-3, 60:00 minutes
Jaroslav Halak (TB.), 32 saves from 33 shots - (0.970), W, 36-22-5, 60:00 minutes
Players Stats for Sharks
Player Name G A P +/- PIM S H SB GA TA FO MP PP MP PK MP
------------------------------------------------------------------------------------
Adam Larsson 0 0 0 -1 0 0 1 0 0 0 0/0 12:43 0:00 0:00
Andrej Sekera 0 0 0 0 0 0 0 1 0 0 0/0 19:03 0:49 1:28
Andrew MacDonald 0 0 0 -1 0 0 0 1 1 0 0/0 12:43 0:00 0:00
Ben Lovejoy 0 0 0 -2 0 1 3 2 0 3 0/0 28:14 1:52 1:14
Bobby Butler 0 0 0 -2 2 1 5 0 0 1 0/0 16:53 1:11 0:00
Darren Helm 1 0 1 1 0 2 0 0 0 0 2/4 10:48 0:00 0:00
Drew Doughty 0 0 0 -2 0 7 2 2 1 1 0/0 29:17 1:52 1:28
Jason Spezza 0 0 0 -2 0 5 1 0 0 0 19/38 22:49 1:29 2:01
Jiri Tlusty 0 0 0 1 0 1 0 0 0 0 0/0 12:00 1:12 0:00
Jordan LaVallee 0 1 1 0 0 1 0 0 0 0 0/0 8:48 0:00 0:00
Maxim Afinogenov 0 0 0 -2 0 3 3 0 0 0 0/0 19:31 1:29 0:00
Milan Michalek 0 0 0 -2 0 1 2 1 0 1 2/3 22:49 1:29 2:01
Nate Prosser 0 0 0 0 0 0 1 0 3 1 0/0 18:00 0:49 1:14
Oskar Osala 0 0 0 -2 0 3 1 0 0 0 0/0 16:23 0:00 0:41
Rob Schremp 0 0 0 0 0 2 0 0 3 0 1/2 8:48 0:00 0:00
Stefan Ruzicka 0 0 0 0 0 1 1 0 0 0 0/0 9:29 0:00 0:41
T.J. Hensick 0 0 0 -2 4 4 0 0 0 0 10/16 16:52 1:12 0:00
Zach Boychuk 0 1 1 1 0 1 2 0 0 0 0/0 10:48 0:00 0:00
Players Stats for Lightning
Player Name G A P +/- PIM S H SB GA TA FO MP PP MP PK MP
------------------------------------------------------------------------------------
Andy Rogers 0 1 1 1 0 2 0 2 0 0 0/0 27:05 0:43 1:40
Daniel Carcillo 2 1 3 2 0 6 2 1 0 0 1/2 16:29 1:59 0:09
Danny Richmond 0 0 0 0 0 0 0 1 1 0 0/0 20:11 1:59 1:01
Gabriel Landeskog 0 0 0 0 0 2 1 0 0 0 0/0 12:29 0:00 1:05
Henrik Zetterberg 0 0 0 1 0 2 0 0 0 0 2/3 20:01 0:34 0:00
Jan Bulis 0 0 0 0 2 0 2 0 1 0 0/1 11:32 0:09 0:00
Jeff Schultz 0 0 0 1 0 2 4 2 2 0 0/0 27:05 0:43 1:40
Jordan Nolan 2 2 4 2 0 4 3 0 1 0 8/17 16:49 1:59 0:29
Justin Schultz 0 0 0 0 0 1 1 1 0 2 0/0 20:11 1:59 1:01
Kris Versteeg 1 0 1 1 2 7 2 0 1 1 0/1 22:08 0:43 0:42
Kurt Sauer 0 1 1 2 0 1 1 0 0 2 0/0 12:44 0:00 0:00
Matt Tennyson 0 0 0 2 0 0 0 0 0 0 0/0 12:44 0:00 0:00
Mikael Backlund 1 0 1 0 0 2 3 0 1 0 0/0 8:08 0:00 0:00
Pierre-Luc Létourneau 0 0 0 0 0 1 1 0 0 1 0/0 9:12 0:00 1:04
Reilly Smith 0 1 1 0 0 1 3 0 0 0 0/0 8:08 0:00 0:00
Robert Nilsson 0 1 1 1 0 2 2 1 0 1 18/38 23:20 0:43 1:53
Sheldon Keefe 0 0 0 0 0 1 0 0 0 0 0/0 11:24 0:00 0:00
Steve Bernier 0 3 3 2 0 1 0 0 0 1 0/1 16:20 1:59 0:00
3 Stars
1 - Jordan Nolan (TB.)
2 - Daniel Carcillo (TB.)
3 - Jaroslav Halak (TB.)
Power Play
Sharks - 0 on 2 Attempt(s) - 0.00%
Lightning - 2 on 3 Attempt(s) - 66.67%
Penalty Kill
Sharks - 1 on 3 Attempt(s) - 33.33%
- Score 0 goal in Penalty Kill
Lightning - 2 on 2 Attempt(s) - 100.00%
- Score 0 goal in Penalty Kill
Team Stat
Sharks - Hits : 22 - Faceoff Wins : 34 - Blocked Shots : 7 - Penalty Minutes : 6
Lightning - Hits : 25 - Faceoff Wins : 29 - Blocked Shots : 8 - Penalty Minutes : 4
Official
Referees : Unknown
Linesman : Unknown
Game Notes
No Game Note
Finance
Level 1 -- Attendance: 3561 (59.35%) -- Ticket Income $409,515
Level 2 -- Attendance: 3493 (69.86%) -- Ticket Income $223,552
Level 3 -- Attendance: 1377 (68.85%) -- Ticket Income $60,588
Level 4 -- Attendance: 1991 (49.78%) -- Ticket Income $79,640
Luxury Box -- Attendance: 693 (69.30%) -- Ticket Income $148,995
Game was played at the Tampa Bay Stadium.
Total Attendance: 11115 (61.75%)
Total Ticket Income: $922,290
Other Income: $138,344
Total Income: $1,060,634
Sharks
5 vs 5 Forward
Center Left Wing Right Wing Time % Phy DF OF
1 Jason Spezza Milan Michalek Maxim Afinogenov 40 1 1 3
2 T.J. Hensick Bobby Butler Oskar Osala 30 1 2 2
3 Darren Helm Zach Boychuk Jiri Tlusty 20 1 2 2
4 Rob Schremp Jordan LaVallee Stefan Ruzicka 10 1 2 2
5 vs 5 Defense
Defense Defense Time % Phy DF OF
1 Drew Doughty Ben Lovejoy 40 1 2 2
2 Andrej Sekera Nate Prosser 30 1 2 2
3 Andrew MacDonald Adam Larsson 20 1 2 2
4 Drew Doughty Ben Lovejoy 10 1 2 2
PowerPlay Forward
Center Left Wing Right Wing Time % Phy DF OF
1 Jason Spezza Milan Michalek Maxim Afinogenov 60 1 1 3
2 T.J. Hensick Bobby Butler Jiri Tlusty 40 1 1 3
PowerPlay Defense
Defense Defense Time % Phy DF OF
1 Drew Doughty Ben Lovejoy 60 1 2 2
2 Andrej Sekera Nate Prosser 40 1 2 2
Penalty Kill 4 Players Forward
Center Wing Time % Phy DF OF
1 Jason Spezza Milan Michalek 60 1 4 0
2 T.J. Hensick Oskar Osala 40 1 4 0
Penalty Kill 4 Players Defense
Defense Defense Time % Phy DF OF
1 Drew Doughty Andrej Sekera 60 1 4 0
2 Ben Lovejoy Nate Prosser 40 1 4 0
Penalty Kill - 3 Players Forward
Forward Time % Phy DF OF
1 Rob Schremp 60 1 4 0
2 Milan Michalek 40 1 4 0
Penalty Kill - 3 Players Defense
Defense Defense Time % Phy DF OF
1 Drew Doughty Andrej Sekera 60 1 4 0
2 Ben Lovejoy Nate Prosser 40 1 4 0
4 vs 4 Forward
Center Wing Time % Phy DF OF
1 Jason Spezza Milan Michalek 60 1 2 2
2 Maxim Afinogenov T.J. Hensick 40 1 2 2
4 vs 4 Defense
Defense Defense Time % Phy DF OF
1 Drew Doughty Andrej Sekera 60 1 2 2
2 Ben Lovejoy Andrew MacDonald 40 1 2 2
Last Minutes Offensive
Center Left Wing Right Wing Defense Defense
Jason Spezza Milan Michalek Maxim Afinogenov Drew Doughty Ben Lovejoy
Last Minutes Defensive
Center Left Wing Right Wing Defense Defense
Jason Spezza Milan Michalek Maxim Afinogenov Drew Doughty Andrej Sekera
Goaltenders
Starting : Brent Krahn
Backup : Ryan Miller
Extra Forwards
Normal : Darren Helm, Rob Schremp, Stefan Ruzicka - PP : Oskar Osala, Rob Schremp - PK : Stefan Ruzicka
Extra Defensemen
Normal : Andrew MacDonald, Adam Larsson, Nate Prosser - PP : Andrew MacDonald - PK : Adam Larsson, Andrew MacDonald
Penalty Shots
Jason Spezza, Rob Schremp, Oskar Osala, Milan Michalek, T.J. Hensick
Scratches
Mark Giordano (Healthy), Maxim Kondratiev (Healthy), Nikolai Kulemin (Healthy), Brendon Nash (Healthy)
Lightning
5 vs 5 Forward
Center Left Wing Right Wing Time % Phy DF OF
1 Robert Nilsson Henrik Zetterberg Kris Versteeg 40 1 2 2
2 Jordan Nolan Daniel Carcillo Steve Bernier 30 1 2 2
3 Jan Bulis Gabriel Landeskog Sheldon Keefe 20 1 2 2
4 Mikael Backlund Pierre-Luc Létourneau Reilly Smith 10 1 2 2
5 vs 5 Defense
Defense Defense Time % Phy DF OF
1 Jeff Schultz Andy Rogers 40 1 2 2
2 Justin Schultz Danny Richmond 30 1 2 2
3 Kurt Sauer Matt Tennyson 20 1 2 2
4 Jeff Schultz Andy Rogers 10 1 2 2
PowerPlay Forward
Center Left Wing Right Wing Time % Phy DF OF
1 Robert Nilsson Henrik Zetterberg Kris Versteeg 60 1 2 2
2 Jordan Nolan Daniel Carcillo Steve Bernier 40 1 2 2
PowerPlay Defense
Defense Defense Time % Phy DF OF
1 Jeff Schultz Andy Rogers 60 1 2 2
2 Justin Schultz Danny Richmond 40 1 2 2
Penalty Kill 4 Players Forward
Center Wing Time % Phy DF OF
1 Robert Nilsson Kris Versteeg 60 1 2 2
2 Henrik Zetterberg Jordan Nolan 40 1 2 2
Penalty Kill 4 Players Defense
Defense Defense Time % Phy DF OF
1 Jeff Schultz Andy Rogers 60 1 2 2
2 Justin Schultz Danny Richmond 40 1 2 2
Penalty Kill - 3 Players Forward
Forward Time % Phy DF OF
1 Robert Nilsson 60 1 2 2
2 Kris Versteeg 40 1 2 2
Penalty Kill - 3 Players Defense
Defense Defense Time % Phy DF OF
1 Jeff Schultz Andy Rogers 60 1 2 2
2 Justin Schultz Danny Richmond 40 1 2 2
4 vs 4 Forward
Center Wing Time % Phy DF OF
1 Robert Nilsson Kris Versteeg 60 1 2 2
2 Henrik Zetterberg Jordan Nolan 40 1 2 2
4 vs 4 Defense
Defense Defense Time % Phy DF OF
1 Jeff Schultz Andy Rogers 60 1 2 2
2 Justin Schultz Danny Richmond 40 1 2 2
Last Minutes Offensive
Center Left Wing Right Wing Defense Defense
Robert Nilsson Henrik Zetterberg Kris Versteeg Jeff Schultz Andy Rogers
Last Minutes Defensive
Center Left Wing Right Wing Defense Defense
Robert Nilsson Henrik Zetterberg Kris Versteeg Jeff Schultz Andy Rogers
Goaltenders
Starting : Jaroslav Halak
Backup : Adam Munro
Extra Forwards
Normal : Gabriel Landeskog, Sheldon Keefe, Pierre-Luc Létourneau - PP : Gabriel Landeskog, Sheldon Keefe - PK : Pierre-Luc Létourneau
Extra Defensemen
Normal : Kurt Sauer, Matt Tennyson, Justin Schultz - PP : Kurt Sauer - PK : Matt Tennyson, Justin Schultz
Penalty Shots
Robert Nilsson, Kris Versteeg, Henrik Zetterberg, Jordan Nolan, Daniel Carcillo
Scratches
John Carlson (Healthy)
% Time on Ice - Sharks
Lines # - Real PCT - Wanted PCT - Time Play
Normal Forward
1 - 34% - 40% - 18:02
2 - 29% - 30% - 15:42
3 - 20% - 20% - 10:48
4 - 17% - 10% - 8:48
Normal Defense
1 - 38% - 40% - 20:28
2 - 30% - 30% - 15:57
3 - 24% - 20% - 12:43
4 - 8% - 10% - 4:12
PP Forward
1 - 55% - 60% - 1:29
2 - 45% - 40% - 1:12
PP Defense
1 - 70% - 60% - 1:52
2 - 30% - 40% - 0:49
PK Forward
1 - 75% - 60% - 2:01
2 - 25% - 40% - 0:41
PK Defense
1 - 54% - 60% - 1:28
2 - 46% - 40% - 1:14
PK3 Forward
1 - 0% - 60%
2 - 0% - 40%
PK3 Defense
1 - 0% - 60%
2 - 0% - 40%
44 Forward
1 - 100% - 60% - 1:17
2 - 0% - 40% - 0:00
44 Defense
1 - 100% - 60% - 1:17
2 - 0% - 40% - 0:00
Last Minute Offensive - 0:00
Last Minute Defensive - 0:00
Total
Forward - 60:00
Defense - 60:00
|
% Time on Ice - Lightning
Lines # - Real PCT - Wanted PCT - Time Play
Normal Forward
1 - 36% - 40% - 19:27
2 - 27% - 30% - 14:21
3 - 21% - 20% - 11:24
4 - 15% - 10% - 8:08
Normal Defense
1 - 36% - 40% - 19:07
2 - 32% - 30% - 17:11
3 - 24% - 20% - 12:44
4 - 8% - 10% - 4:18
PP Forward
1 - 27% - 60% - 0:43
2 - 73% - 40% - 1:59
PP Defense
1 - 27% - 60% - 0:43
2 - 73% - 40% - 1:59
PK Forward
1 - 100% - 60% - 2:41
2 - 0% - 40% - 0:00
PK Defense
1 - 62% - 60% - 1:40
2 - 38% - 40% - 1:01
PK3 Forward
1 - 0% - 60%
2 - 0% - 40%
PK3 Defense
1 - 0% - 60%
2 - 0% - 40%
44 Forward
1 - 100% - 60% - 1:17
2 - 0% - 40% - 0:00
44 Defense
1 - 100% - 60% - 1:17
2 - 0% - 40% - 0:00
Last Minute Offensive - 0:00
Last Minute Defensive - 0:00
Total
Forward - 60:00
Defense - 60:00
|
Play-by-Play
1st period
0:01 of 1st period - Henrik Zetterberg wins face-off versus Jason Spezza in neutral zone.
0:28 of 1st period - Ben Lovejoy is hit by Jordan Nolan and loses puck.
0:52 of 1st period - Snap shot by Darren Helm.
0:52 of 1st period - Stopped by Jaroslav Halak with a rebound.
1:04 of 1st period - Nate Prosser is hit by Reilly Smith and loses puck.
1:13 of 1st period - Slapshot by Rob Schremp.
1:13 of 1st period - Stopped by Jaroslav Halak without a rebound.
1:14 of 1st period - Jason Spezza wins face-off versus Robert Nilsson in Lightning zone.
2:19 of 1st period - Matt Tennyson is hit by Stefan Ruzicka and loses puck.
2:48 of 1st period - Off-side.
2:49 of 1st period - Robert Nilsson wins face-off versus Milan Michalek in neutral zone.
3:00 of 1st period - Wrist shot by Kris Versteeg.
3:00 of 1st period - Deflect By Henrik Zetterberg.
3:00 of 1st period - Shot Misses the Net.
3:00 of 1st period - Puck is out of play.
3:01 of 1st period - T.J. Hensick wins face-off versus Jordan Nolan in Sharks zone.
3:28 of 1st period - Drew Doughty is hit by Jeff Schultz and loses puck.
3:35 of 1st period - Slapshot by Ben Lovejoy.
3:35 of 1st period - Shot Blocked by Andy Rogers.
3:55 of 1st period - Gabriel Landeskog is hit by Zach Boychuk and loses puck.
4:59 of 1st period - Wrist shot by Robert Nilsson.
4:59 of 1st period - Shot Blocked by Drew Doughty.
5:09 of 1st period - Drew Doughty is hit by Reilly Smith and loses puck.
6:05 of 1st period - Snap shot by Daniel Carcillo.
6:05 of 1st period - Deflect By Jordan Nolan.
6:05 of 1st period - Goal by Jordan Nolan - Sharks : 0 - Lightning : 1.
6:06 of 1st period - Jason Spezza wins face-off versus Robert Nilsson in neutral zone.
6:08 of 1st period - Off-side.
6:09 of 1st period - Jason Spezza wins face-off versus Robert Nilsson in neutral zone.
6:18 of 1st period - Slapshot by Milan Michalek.
6:18 of 1st period - Shot Misses the Net.
6:39 of 1st period - Wrist shot by T.J. Hensick.
6:39 of 1st period - Shot Blocked by Daniel Carcillo.
7:55 of 1st period - Wrist shot by T.J. Hensick.
7:55 of 1st period - Stopped by Jaroslav Halak without a rebound.
7:56 of 1st period - T.J. Hensick wins face-off versus Steve Bernier in Lightning zone.
7:57 of 1st period - Wrist shot by Oskar Osala.
7:57 of 1st period - Stopped by Jaroslav Halak with a rebound.
7:59 of 1st period - Slapshot by Adam Larsson.
7:59 of 1st period - Deflect By T.J. Hensick.
7:59 of 1st period - Stopped by Jaroslav Halak with a rebound.
8:01 of 1st period - Wrist shot by Oskar Osala.
8:01 of 1st period - Shot Misses the Net.
8:03 of 1st period - Slapshot by Oskar Osala.
8:03 of 1st period - Deflect By T.J. Hensick.
8:03 of 1st period - Stopped by Jaroslav Halak with a rebound.
8:05 of 1st period - Slapshot by Andrew MacDonald.
8:05 of 1st period - Deflect By Oskar Osala.
8:05 of 1st period - Shot Misses the Net.
8:05 of 1st period - Puck is out of play.
8:06 of 1st period - Robert Nilsson wins face-off versus Jason Spezza in Lightning zone.
8:31 of 1st period - Wrist shot by Kris Versteeg.
8:31 of 1st period - Stopped by Brent Krahn with a rebound.
8:37 of 1st period - Kurt Sauer is hit by Bobby Butler and loses puck.
10:02 of 1st period - Off-side.
10:03 of 1st period - Darren Helm wins face-off versus Robert Nilsson in neutral zone.
10:38 of 1st period - Snap shot by Daniel Carcillo.
10:38 of 1st period - Shot Misses the Net.
11:15 of 1st period - Darren Helm is hit by Kris Versteeg and loses puck.
12:01 of 1st period - Stefan Ruzicka is hit by Mikael Backlund and loses puck.
12:30 of 1st period - Jeff Schultz is hit by Bobby Butler and loses puck.
12:41 of 1st period - Slapshot by T.J. Hensick.
12:41 of 1st period - Stopped by Jaroslav Halak without a rebound.
12:42 of 1st period - Jason Spezza wins face-off versus Robert Nilsson in Lightning zone.
12:57 of 1st period - Wrist shot by Kris Versteeg.
12:57 of 1st period - Stopped by Brent Krahn without a rebound.
12:58 of 1st period - Jordan Nolan wins face-off versus T.J. Hensick in Sharks zone.
12:59 of 1st period - Snap shot by Daniel Carcillo.
12:59 of 1st period - Stopped by Brent Krahn without a rebound.
13:00 of 1st period - T.J. Hensick wins face-off versus Daniel Carcillo in Sharks zone.
13:00 of 1st period - T.J. Hensick is hit by Jordan Nolan.
13:14 of 1st period - Snap shot by Oskar Osala.
13:14 of 1st period - Stopped by Jaroslav Halak without a rebound.
13:15 of 1st period - Henrik Zetterberg wins face-off versus Jason Spezza in Lightning zone.
13:39 of 1st period - Icing by Andy Rogers.
13:40 of 1st period - Jordan Nolan wins face-off versus Darren Helm in Lightning zone.
14:05 of 1st period - Robert Nilsson is hit by Nate Prosser and loses puck.
14:26 of 1st period - Ben Lovejoy is hit by Gabriel Landeskog and loses puck.
14:40 of 1st period - Icing by Drew Doughty.
14:41 of 1st period - Robert Nilsson wins face-off versus T.J. Hensick in Sharks zone.
14:42 of 1st period - Snap shot by Kris Versteeg.
14:42 of 1st period - Stopped by Brent Krahn with a rebound.
14:44 of 1st period - Slapshot by Kris Versteeg.
14:44 of 1st period - Goal by Kris Versteeg - Sharks : 0 - Lightning : 2.
14:45 of 1st period - Robert Nilsson wins face-off versus Jason Spezza in neutral zone.
14:53 of 1st period - Henrik Zetterberg is hit by Drew Doughty and loses puck.
15:02 of 1st period - Robert Nilsson is hit by Ben Lovejoy and loses puck.
17:02 of 1st period - Snap shot by Rob Schremp.
17:02 of 1st period - Stopped by Jaroslav Halak with a rebound.
18:04 of 1st period - Snap shot by Jason Spezza.
18:04 of 1st period - Shot Hit the Post.
18:55 of 1st period - Andrew MacDonald is hit by Kris Versteeg and loses puck.
19:48 of 1st period - Wrist shot by Oskar Osala.
19:48 of 1st period - Stopped by Jaroslav Halak with a rebound.
Goals for this period are 0 for Sharks vs 2 for Lightning .
Shots for this period are 10 for Sharks vs 6 for Lightning .
2nd period
0:01 of 2nd period - Jason Spezza wins face-off versus Robert Nilsson in neutral zone.
0:14 of 2nd period - Snap shot by Kris Versteeg.
0:14 of 2nd period - Stopped by Brent Krahn without a rebound.
0:15 of 2nd period - T.J. Hensick wins face-off versus Jordan Nolan in Sharks zone.
0:30 of 2nd period - Slapshot by Jeff Schultz.
0:30 of 2nd period - Shot Blocked by Ben Lovejoy.
0:51 of 2nd period - Slapshot by Henrik Zetterberg.
0:51 of 2nd period - Stopped by Brent Krahn with a rebound.
1:16 of 2nd period - Wrist shot by Jan Bulis.
1:16 of 2nd period - Deflect By Gabriel Landeskog.
1:16 of 2nd period - Stopped by Brent Krahn with a rebound.
1:40 of 2nd period - Snap shot by Jordan Nolan.
1:40 of 2nd period - Shot Hit the Post.
2:24 of 2nd period - Slapshot by Jason Spezza.
2:24 of 2nd period - Shot Blocked by Andy Rogers.
2:48 of 2nd period - Off-side.
2:49 of 2nd period - T.J. Hensick wins face-off versus Jordan Nolan in neutral zone.
2:52 of 2nd period - Daniel Carcillo is hit by Ben Lovejoy and loses puck.
2:59 of 2nd period - T.J. Hensick is hit by Kurt Sauer.
3:03 of 2nd period - Slapshot by Drew Doughty.
3:03 of 2nd period - Stopped by Jaroslav Halak with a rebound.
3:19 of 2nd period - Matt Tennyson is hit by Maxim Afinogenov and loses puck.
4:18 of 2nd period - Slapshot by Maxim Afinogenov.
4:18 of 2nd period - Stopped by Jaroslav Halak without a rebound.
4:19 of 2nd period - Daniel Carcillo wins face-off versus Jason Spezza in Lightning zone.
4:24 of 2nd period - Slapshot by Steve Bernier.
4:24 of 2nd period - Stopped by Brent Krahn with a rebound.
4:59 of 2nd period - Drew Doughty is hit by Robert Nilsson and loses puck.
5:36 of 2nd period - Sheldon Keefe is hit by Oskar Osala.
5:39 of 2nd period - Off-side.
5:40 of 2nd period - Jordan Nolan wins face-off versus Jason Spezza in neutral zone.
5:45 of 2nd period - Snap shot by Jeff Schultz.
5:45 of 2nd period - Stopped by Brent Krahn with a rebound.
5:49 of 2nd period - Wrist shot by Jordan Nolan.
5:49 of 2nd period - Stopped by Brent Krahn with a rebound.
6:12 of 2nd period - Snap shot by Henrik Zetterberg.
6:12 of 2nd period - Shot Blocked by Andrew MacDonald.
6:26 of 2nd period - Andrej Sekera is hit by Pierre-Luc Létourneau and loses puck.
6:37 of 2nd period - Wrist shot by Mikael Backlund.
6:37 of 2nd period - Deflect By Pierre-Luc Létourneau.
6:37 of 2nd period - Stopped by Brent Krahn without a rebound.
6:38 of 2nd period - Jordan Nolan wins face-off versus Jason Spezza in Sharks zone.
7:37 of 2nd period - Snap shot by Maxim Afinogenov.
7:37 of 2nd period - Stopped by Jaroslav Halak without a rebound.
7:38 of 2nd period - Robert Nilsson wins face-off versus T.J. Hensick in Lightning zone.
8:21 of 2nd period - Danny Richmond is hit by Zach Boychuk and loses puck.
10:25 of 2nd period - Ben Lovejoy is hit by Mikael Backlund and loses puck.
10:30 of 2nd period - Wrist shot by Mikael Backlund.
10:30 of 2nd period - Stopped by Brent Krahn with a rebound.
10:32 of 2nd period - Slapshot by Reilly Smith.
10:32 of 2nd period - Stopped by Brent Krahn with a rebound.
10:44 of 2nd period - Wrist shot by Drew Doughty.
10:44 of 2nd period - Shot Misses the Net.
11:09 of 2nd period - Snap shot by Zach Boychuk.
11:09 of 2nd period - Shot Misses the Net.
11:52 of 2nd period - Daniel Carcillo is hit by Maxim Afinogenov.
12:24 of 2nd period - Icing by Andrej Sekera.
12:25 of 2nd period - Robert Nilsson wins face-off versus Darren Helm in Sharks zone.
13:38 of 2nd period - Wrist shot by Zach Boychuk.
13:38 of 2nd period - Stopped by Jaroslav Halak with a rebound.
13:40 of 2nd period - Wrist shot by Darren Helm.
13:40 of 2nd period - Goal by Darren Helm - Sharks : 1 - Lightning : 2.
13:41 of 2nd period - Robert Nilsson wins face-off versus Jason Spezza in neutral zone.
14:24 of 2nd period - Snap shot by Maxim Afinogenov.
14:24 of 2nd period - Stopped by Jaroslav Halak without a rebound.
14:25 of 2nd period - Robert Nilsson wins face-off versus T.J. Hensick in Lightning zone.
14:36 of 2nd period - Snap shot by Bobby Butler.
14:36 of 2nd period - Stopped by Jaroslav Halak with a rebound.
14:38 of 2nd period - Slapshot by Drew Doughty.
14:38 of 2nd period - Stopped by Jaroslav Halak without a rebound.
14:39 of 2nd period - Robert Nilsson wins face-off versus T.J. Hensick in Lightning zone.
15:08 of 2nd period - Slapshot by Daniel Carcillo.
15:08 of 2nd period - Shot Misses the Net.
15:10 of 2nd period - Slapshot by Daniel Carcillo.
15:10 of 2nd period - Stopped by Brent Krahn without a rebound.
15:11 of 2nd period - Jason Spezza wins face-off versus Jordan Nolan in Sharks zone.
15:15 of 2nd period - Nate Prosser is hit by Justin Schultz and loses puck.
16:48 of 2nd period - Slapshot by Daniel Carcillo.
16:48 of 2nd period - Stopped by Brent Krahn with a rebound.
16:58 of 2nd period - Drew Doughty is hit by Jan Bulis and loses puck.
17:03 of 2nd period - Snap shot by Justin Schultz.
17:03 of 2nd period - Shot Misses the Net.
17:05 of 2nd period - Slapshot by Sheldon Keefe.
17:05 of 2nd period - Shot Blocked by Ben Lovejoy.
17:07 of 2nd period - Snap shot by Jan Bulis.
17:07 of 2nd period - Shot Misses the Net.
17:09 of 2nd period - Slapshot by Jan Bulis.
17:09 of 2nd period - Shot Misses the Net.
17:11 of 2nd period - Slapshot by Justin Schultz.
17:11 of 2nd period - Stopped by Brent Krahn with a rebound.
17:23 of 2nd period - Snap shot by Henrik Zetterberg.
17:23 of 2nd period - Shot Misses the Net.
17:25 of 2nd period - Wrist shot by Henrik Zetterberg.
17:25 of 2nd period - Stopped by Brent Krahn without a rebound.
17:26 of 2nd period - T.J. Hensick wins face-off versus Robert Nilsson in Sharks zone.
17:26 of 2nd period - T.J. Hensick is hit by Robert Nilsson.
17:48 of 2nd period - Minor Penalty to T.J. Hensick for Slashing.
17:49 of 2nd period - Robert Nilsson wins face-off versus Jason Spezza in Sharks zone.
18:15 of 2nd period - Wrist shot by Jordan Nolan.
18:15 of 2nd period - Goal by Jordan Nolan - Sharks : 1 - Lightning : 3.
18:16 of 2nd period - Jason Spezza wins face-off versus Henrik Zetterberg in neutral zone.
18:19 of 2nd period - Jeff Schultz is hit by Milan Michalek and loses puck.
18:42 of 2nd period - T.J. Hensick is hit by Jordan Nolan and loses puck.
18:49 of 2nd period - Jeff Schultz is hit by Ben Lovejoy and loses puck.
19:10 of 2nd period - Wrist shot by Jan Bulis.
19:10 of 2nd period - Shot Blocked by Drew Doughty.
19:12 of 2nd period - Slapshot by Andy Rogers.
19:12 of 2nd period - Stopped by Brent Krahn with a rebound.
19:14 of 2nd period - Snap shot by Gabriel Landeskog.
19:14 of 2nd period - Stopped by Brent Krahn without a rebound.
19:15 of 2nd period - Robert Nilsson wins face-off versus Jason Spezza in Sharks zone.
Goals for this period are 1 for Sharks vs 1 for Lightning .
Shots for this period are 8 for Sharks vs 16 for Lightning .
3rd period
0:01 of 3rd period - Jason Spezza wins face-off versus Robert Nilsson in neutral zone.
0:04 of 3rd period - Wrist shot by Ben Lovejoy.
0:04 of 3rd period - Stopped by Jaroslav Halak with a rebound.
0:06 of 3rd period - Snap shot by Maxim Afinogenov.
0:06 of 3rd period - Shot Misses the Net.
0:08 of 3rd period - Slapshot by Drew Doughty.
0:08 of 3rd period - Stopped by Jaroslav Halak without a rebound.
0:09 of 3rd period - Jason Spezza wins face-off versus Robert Nilsson in Lightning zone.
0:14 of 3rd period - Wrist shot by Milan Michalek.
0:14 of 3rd period - Shot Blocked by Robert Nilsson.
0:26 of 3rd period - Wrist shot by Jason Spezza.
0:26 of 3rd period - Stopped by Jaroslav Halak without a rebound.
0:27 of 3rd period - T.J. Hensick wins face-off versus Jordan Nolan in Lightning zone.
0:27 of 3rd period - Drew Doughty is hit by Jeff Schultz and loses puck.
0:52 of 3rd period - Kris Versteeg is hit by Maxim Afinogenov and loses puck.
0:59 of 3rd period - Snap shot by Jason Spezza.
0:59 of 3rd period - Shot Misses the Net.
1:21 of 3rd period - Snap shot by Zach Boychuk.
1:21 of 3rd period - Deflect By Jiri Tlusty.
1:21 of 3rd period - Shot Blocked by Danny Richmond.
1:21 of 3rd period - Puck is out of play.
1:22 of 3rd period - T.J. Hensick wins face-off versus Jordan Nolan in Lightning zone.
2:27 of 3rd period - Darren Helm is hit by Daniel Carcillo and loses puck.
3:10 of 3rd period - Jason Spezza is hit by Reilly Smith and loses puck.
3:15 of 3rd period - Slapshot by Reilly Smith.
3:15 of 3rd period - Shot Misses the Net.
3:17 of 3rd period - Slapshot by Kurt Sauer.
3:17 of 3rd period - Deflect By Mikael Backlund.
3:17 of 3rd period - Goal by Mikael Backlund - Sharks : 1 - Lightning : 4.
3:18 of 3rd period - Jason Spezza wins face-off versus Robert Nilsson in neutral zone.
3:44 of 3rd period - Steve Bernier is hit by Bobby Butler and loses puck.
4:13 of 3rd period - Wrist shot by Jiri Tlusty.
4:13 of 3rd period - Shot Misses the Net.
4:15 of 3rd period - Slapshot by Jiri Tlusty.
4:15 of 3rd period - Shot Blocked by Justin Schultz.
4:17 of 3rd period - Slapshot by Jiri Tlusty.
4:17 of 3rd period - Stopped by Jaroslav Halak without a rebound.
4:18 of 3rd period - Jason Spezza wins face-off versus Robert Nilsson in Lightning zone.
4:33 of 3rd period - Wrist shot by Henrik Zetterberg.
4:33 of 3rd period - Shot Misses the Net.
4:45 of 3rd period - Adam Larsson is hit by Daniel Carcillo and loses puck.
4:50 of 3rd period - Wrist shot by Daniel Carcillo.
4:50 of 3rd period - Shot Misses the Net.
5:50 of 3rd period - Off-side.
5:51 of 3rd period - Robert Nilsson wins face-off versus Jason Spezza in neutral zone.
6:04 of 3rd period - Slapshot by Jason Spezza.
6:04 of 3rd period - Stopped by Jaroslav Halak without a rebound.
6:05 of 3rd period - Robert Nilsson wins face-off versus Jason Spezza in Lightning zone.
6:05 of 3rd period - Robert Nilsson is hit by Jason Spezza.
6:11 of 3rd period - Wrist shot by Jason Spezza.
6:11 of 3rd period - Shot Blocked by Jeff Schultz.
6:16 of 3rd period - Andy Rogers is hit by Drew Doughty and loses puck.
6:19 of 3rd period - Slapshot by Kris Versteeg.
6:19 of 3rd period - Stopped by Brent Krahn without a rebound.
6:20 of 3rd period - Jordan Nolan wins face-off versus T.J. Hensick in Sharks zone.
6:27 of 3rd period - Slapshot by Jordan Nolan.
6:27 of 3rd period - Stopped by Brent Krahn without a rebound.
6:28 of 3rd period - T.J. Hensick wins face-off versus Jordan Nolan in Sharks zone.
7:20 of 3rd period - Snap shot by Daniel Carcillo.
7:20 of 3rd period - Stopped by Brent Krahn with a rebound.
7:32 of 3rd period - Andy Rogers is hit by Bobby Butler.
7:48 of 3rd period - Wrist shot by Daniel Carcillo.
7:48 of 3rd period - Goal by Daniel Carcillo - Sharks : 1 - Lightning : 5.
7:49 of 3rd period - Robert Nilsson wins face-off versus Jason Spezza in neutral zone.
9:07 of 3rd period - Snap shot by Kris Versteeg.
9:07 of 3rd period - Shot Misses the Net.
9:13 of 3rd period - Kris Versteeg is hit by Adam Larsson and loses puck.
9:24 of 3rd period - Snap shot by Henrik Zetterberg.
9:24 of 3rd period - Shot Misses the Net.
9:26 of 3rd period - Wrist shot by Jan Bulis.
9:26 of 3rd period - Deflect By Sheldon Keefe.
9:26 of 3rd period - Stopped by Brent Krahn with a rebound.
9:28 of 3rd period - Slapshot by Kurt Sauer.
9:28 of 3rd period - Stopped by Brent Krahn without a rebound.
9:29 of 3rd period - T.J. Hensick wins face-off versus Jan Bulis in Sharks zone.
9:29 of 3rd period - T.J. Hensick is hit by Jan Bulis.
9:36 of 3rd period - Ben Lovejoy is hit by Jeff Schultz and loses puck.
9:51 of 3rd period - Minor Penalty to Jan Bulis for Hooking.
9:52 of 3rd period - Jason Spezza wins face-off versus Robert Nilsson in Lightning zone.
9:57 of 3rd period - Slapshot by Drew Doughty.
9:57 of 3rd period - Stopped by Jaroslav Halak without a rebound.
9:58 of 3rd period - Robert Nilsson wins face-off versus Jason Spezza in Lightning zone.
10:33 of 3rd period - Minor Penalty to Bobby Butler for Interference.
10:34 of 3rd period - Robert Nilsson wins face-off versus Jason Spezza in Sharks zone.
10:39 of 3rd period - Slapshot by Kris Versteeg.
10:39 of 3rd period - Shot Blocked by Milan Michalek.
10:41 of 3rd period - Backhand shot by Robert Nilsson.
10:41 of 3rd period - Stopped by Brent Krahn without a rebound.
10:42 of 3rd period - Jason Spezza wins face-off versus Robert Nilsson in Sharks zone.
10:47 of 3rd period - Slapshot by Drew Doughty.
10:47 of 3rd period - Deflect By Kris Versteeg.
10:47 of 3rd period - Stopped by Jaroslav Halak without a rebound.
10:48 of 3rd period - Milan Michalek wins face-off versus Robert Nilsson in Lightning zone.
10:51 of 3rd period - Slapshot by Drew Doughty.
10:51 of 3rd period - Stopped by Jaroslav Halak without a rebound.
10:52 of 3rd period - Jason Spezza wins face-off versus Robert Nilsson in Lightning zone.
11:01 of 3rd period - Wrist shot by Kris Versteeg.
11:01 of 3rd period - Stopped by Brent Krahn without a rebound.
11:02 of 3rd period - Robert Nilsson wins face-off versus Jason Spezza in Sharks zone.
11:05 of 3rd period - Wrist shot by Robert Nilsson.
11:05 of 3rd period - Stopped by Brent Krahn with a rebound.
11:07 of 3rd period - Wrist shot by Jeff Schultz.
11:07 of 3rd period - Stopped by Brent Krahn with a rebound.
11:09 of 3rd period - Slapshot by Andy Rogers.
11:09 of 3rd period - Stopped by Brent Krahn with a rebound.
11:11 of 3rd period - Slapshot by Andy Rogers.
11:11 of 3rd period - Shot Misses the Net.
11:13 of 3rd period - Wrist shot by Robert Nilsson.
11:13 of 3rd period - Deflect By Kris Versteeg.
11:13 of 3rd period - Shot Blocked by Andrej Sekera.
11:13 of 3rd period - Puck is out of play.
11:14 of 3rd period - Jason Spezza wins face-off versus Robert Nilsson in Sharks zone.
11:21 of 3rd period - Backhand shot by Drew Doughty.
11:21 of 3rd period - Shot Blocked by Jeff Schultz.
11:23 of 3rd period - Snap shot by Jason Spezza.
11:23 of 3rd period - Stopped by Jaroslav Halak without a rebound.
11:24 of 3rd period - Milan Michalek wins face-off versus Robert Nilsson in Lightning zone.
11:43 of 3rd period - Wrist shot by Robert Nilsson.
11:43 of 3rd period - Shot Misses the Net.
11:51 of 3rd period - Penalty to Jan Bulis is over, Jan Bulis is back on ice.
11:57 of 3rd period - Slapshot by Milan Michalek.
11:57 of 3rd period - Stopped by Jaroslav Halak with a rebound.
11:59 of 3rd period - Snap shot by Andrej Sekera.
11:59 of 3rd period - Deflect By Jason Spezza.
11:59 of 3rd period - Stopped by Jaroslav Halak without a rebound.
12:00 of 3rd period - Jason Spezza wins face-off versus Jordan Nolan in Lightning zone.
12:33 of 3rd period - Penalty to Bobby Butler is over, Bobby Butler is back on ice.
13:06 of 3rd period - Minor Penalty to T.J. Hensick for Holding.
13:07 of 3rd period - Jason Spezza wins face-off versus Jordan Nolan in Sharks zone.
13:12 of 3rd period - Icing by Danny Richmond.
13:13 of 3rd period - Jordan Nolan wins face-off versus Jason Spezza in Lightning zone.
14:39 of 3rd period - Wrist shot by Daniel Carcillo.
14:39 of 3rd period - Goal by Daniel Carcillo - Sharks : 1 - Lightning : 6.
14:40 of 3rd period - Darren Helm wins face-off versus Robert Nilsson in neutral zone.
15:07 of 3rd period - Jason Spezza is hit by Jeff Schultz and loses puck.
15:34 of 3rd period - Andrej Sekera is hit by Mikael Backlund and loses puck.
15:49 of 3rd period - Snap shot by Stefan Ruzicka.
15:49 of 3rd period - Stopped by Jaroslav Halak without a rebound.
15:50 of 3rd period - Rob Schremp wins face-off versus Kris Versteeg in Lightning zone.
16:00 of 3rd period - Minor Penalty to Kris Versteeg for Interference.
16:01 of 3rd period - Robert Nilsson wins face-off versus Jason Spezza in Lightning zone.
16:11 of 3rd period - Pierre-Luc Létourneau is hit by Milan Michalek and loses puck.
16:51 of 3rd period - Jordan Nolan is hit by Bobby Butler and loses puck.
17:05 of 3rd period - Icing by Milan Michalek.
17:06 of 3rd period - Jordan Nolan wins face-off versus Jason Spezza in Sharks zone.
18:00 of 3rd period - Penalty to Kris Versteeg is over, Kris Versteeg is back on ice.
19:20 of 3rd period - Icing by Jordan LaVallee.
19:21 of 3rd period - Jordan Nolan wins face-off versus Rob Schremp in Sharks zone.
19:32 of 3rd period - Slapshot by Jordan LaVallee.
19:32 of 3rd period - Stopped by Jaroslav Halak without a rebound.
19:33 of 3rd period - Jason Spezza wins face-off versus Robert Nilsson in Lightning zone.
19:40 of 3rd period - Wrist shot by Jason Spezza.
19:40 of 3rd period - Stopped by Jaroslav Halak with a rebound.
19:46 of 3rd period - Slapshot by Drew Doughty.
19:46 of 3rd period - Stopped by Jaroslav Halak without a rebound.
19:47 of 3rd period - Jason Spezza wins face-off versus Robert Nilsson in Lightning zone.
Goals for this period are 0 for Sharks vs 3 for Lightning .
Shots for this period are 15 for Sharks vs 13 for Lightning .
Back to the Top